 Dungeon Crawl Stone Soup version 0.25-a0-404-gc1b5a34292 (webtiles) character file.

Game seed: 799228693391459305, levelgen mode: deterministic

89 DeadFury222 the Chopper (level 4, -1/41 HPs)
             Began as a Hill Orc Monk on Jan 10, 2020.
             Slain by an ice beast (3 damage)
             ... on level 2 of the Dungeon.
             The game lasted 00:13:58 (2646 turns).

DeadFury222 the Chopper (Hill Orc Monk)             Turns: 2646, Time: 00:13:59

Health: -1/41      AC:  4    Str: 14    XL:     4   Next: 55%
Magic:  4/4        EV: 12    Int: 10    God:
Gold:   73         SH:  0    Dex: 13    Spells: 3/3 levels left

rFire    . . .     SeeInvis .   a - +0 hand axe
rCold    . . .     Gourm    .   (no shield)
rNeg     . . .     Faith    .   i - +0 leather armour
rPois    .         Spirit   .   (no helmet)
rElec    .         Reflect  .   u - +0 cloak
rCorr    .         Harm     .   (no gloves)
MR       .....                  (no boots)
Stlth    ++........             (no amulet)
HPRegen  0.13/turn              (no ring)
MPRegen  0.09/turn              (no ring)

@: no status effects
A: no striking features
a: no special abilities


You were on level 2 of the Dungeon.
You were not hungry.

You visited 1 branch of the dungeon, and saw 3 of its levels.

You collected 73 gold pieces.

Inventory:

Hand Weapons
 a - a +0 hand axe (weapon)
 m - a +0 club
 v - a +0 mace of protection
 w - a +1 spear of flaming
Missiles
 j - 100 stones
 l - 2 large rocks (quivered)
Armour
 i - a +0 leather armour (worn)
 u - a +0 cloak (worn)
Scrolls
 e - a scroll of magic mapping
 g - a scroll of teleportation
 q - 2 scrolls of immolation
Potions
 d - 5 potions of curing {unknown}
 k - 2 potions of magic {unknown}
 n - 2 potions of heal wounds {unknown}
 p - a potion of degeneration {unknown}
 r - a potion of brilliance {unknown}
 s - a potion of agility {unknown}
Comestibles
 c - 4 rations


   Skills:
 + Level 4.6 Fighting
 + Level 5.7 Axes
 + Level 0.6 Throwing
 - Level 2.5 Dodging
 - Level 1.6 Stealth


You had 3 spell levels left.
You didn't know any spells.
Your spell library was empty.

Dungeon Overview and Level Annotations

Branches:
Dungeon (3/15)

Altars:


Message History

You hit the ice beast but do no damage.
The ice beast hits you but does no damage.
You barely miss the ice beast. The ice beast hits you.
The ice beast freezes you! The ice beast hits you.
* * * LOW HITPOINT WARNING * * *
The ice beast freezes you!
* * * LOW HITPOINT WARNING * * *
You climb upwards.
There is a stone staircase leading down here.
You see here a +0 robe.
The ice beast closely misses you.
You climb downwards.
There is a stone staircase leading up, spattered with blood here.
The ice beast barely misses you.
You climb upwards.
There is a stone staircase leading down here.
You see here a +0 robe.
The ice beast hits you.
You die...

##.# #.# ##.###.#### ##.#
#.#########...##..... ##.#######
#.#.........#....#### .........#
#....######...##.####
##.#####.####.....######.###..<..
##.#####...............#.# ######
##.........##.....####.#.###### #
#...####.#.##....## #.#......# #
#...............@#####.######.# #
.........#......Y...##.### #.# #
##..######...............# #.# #
##....#####..............####.# #
......................#.......# #
##.##.########......#....########
#.##.# #...#.#.....# #....
##.##.# #####.#....)####.###
...##.##### #.#.###......# #


You could see an ice beast.

Vanquished Creatures
  An adder (D:3)
  A worm (D:2)
  2 dart slugs
  6 leopard geckos
  An orc (D:3)
  5 bats
  2 giant cockroaches (D:2)
  7 goblins
  8 hobgoblins
  4 jackals (D:2)
  13 kobolds
  A quokka (D:2)
  A ball python (D:1)
  4 frilled lizards (D:1)
  4 rats
60 creatures vanquished.

Notes
Turn   | Place    | Note
-------+----------+-------------------------------------------
     0 | D:1      | DeadFury222 the Hill Orc Monk began the quest for the Orb.
     0 | D:1      | Reached XP level 1. HP: 19/19 MP: 1/1
   212 | D:1      | Reached XP level 2. HP: 19/27 MP: 2/2
   706 | D:1      | Reached XP level 3. HP: 32/33 MP: 3/3
   755 | D:1      | Reached skill level 5 in Axes
  1595 | D:2      | Reached XP level 4. HP: 41/41 MP: 4/4
  2266 | D:3      | Noticed an ice beast
  2640 | D:3      | HP: 1/41 [ice beast (9)]
  2646 | D:2      | Slain by an ice beast

Levels and vault maps discovered:
D:1:      dpeg_cavernosity, layout_basic, minmay_hexomino_u4
D:2:      layout_loops_ring, first_ration, minmay_vboxes
D:3:      layout_basic, uniq_ijyb

Skill      XL: |  1  2  3 |
---------------+----------+-----
Fighting       | 4 |  4.6
Axes           | 5 |  5.7
Throwing       | |  0.6
Dodging        | |  2.5
Stealth        | |  1.6

Action                   |  1- 3 |  4- 6 || total
-------------------------+-------+-------++-------
Melee: Hand axe          |   157 |    68 ||   225
Throw: Stone             |    13 |    15 ||    28
  Use: Scroll            |       |     6 ||     6
 Stab: Sleeping          |     3 |       ||     3
  Eat: Chunk             |     2 |     4 ||     6
Armor: Robe              |    21 |    11 ||    32
       Leather armour    |       |     1 ||     1
Dodge: Dodged            |   111 |    58 ||   169

Table legend:
 A = Non-vault XP
 B = Vault XP
 C = Vault XP percentage of total XP
 D = Non-vault monster count
 E = Vault monster count
 F = Vault count percentage of total count
                 A         B        C        D         E       F
            +---------+---------+-------+---------+---------+-------
      Total |      98 |      30 |  23.4 |      46 |      14 |  23.3
            +---------+---------+-------+---------+---------+-------
        D:1 |      43 |      11 |  20.4 |      23 |       6 |  20.7
        D:2 |      31 |      19 |  38.0 |      16 |       8 |  33.3
        D:3 |      24 |       0 |   0.0 |       7 |       0 |   0.0
            +---------+---------+-------+---------+---------+-------
